 Dungeon Crawl Stone Soup version 0.32-a0-666-ge8a8869 (webtiles) character file.

Game seed: 2740774335837759455

150 Toastz the Chopper (level 5, 0/46 HPs)
             Began as a Mountain Dwarf Fighter on Mar 9, 2024.
             Incinerated by a bombardier beetle (2 damage)
             ... with a burning spray
             ... on level 3 of the Dungeon.
             The game lasted 00:03:38 (1487 turns).

Toastz the Chopper (Mountain Dwarf Fighter)         Turns: 1487, Time: 00:03:38

Health: 0/46       AC: 13    Str: 21    XL:     5   Next: 10%
Magic:  5/5        EV:  6    Int:  8    God:
Gold:   90         SH:  4    Dex:  9    Spells: 4/4 levels left

rFire   . . .        a - +0 war axe
rCold   . . .        c - +0 buckler
rNeg    . . .        j - +0 plate armour
rPois   .            (no helmet)
rElec   .            (no cloak)
rCorr   .            p - +0 pair of gloves
SInv    .            (no boots)
Will    .....        g - amulet of magic regeneration Stlth
                     (no ring)
HPRegen 0.27/turn    (no ring)
MPRegen 0.49/turn

%: no passive effects
@: brilliant, on fire, glowing
A: runic magic, artefact enchanting
a: no special abilities


You were on level 3 of the Dungeon.
You visited 1 branch of the dungeon, and saw 3 of its levels.

You collected 90 gold pieces.

Inventory:

Hand Weapons
 a - a +0 war axe (weapon)
Missiles
 e - 21 stones (quivered)
Armour
 b - a +0 scale mail
 c - a +0 buckler (worn)
 j - a +0 plate armour (worn)
 p - a +0 pair of gloves (worn)
Jewellery
 g - an amulet of magic regeneration (around neck)
Scrolls
 h - 2 scrolls of enchant armour {unknown}
 i - a scroll of teleportation {unknown}
 k - a scroll of immolation
 m - a scroll of poison {unknown}
 n - a scroll of fog {unknown}
 o - 2 scrolls of amnesia {unknown}
 q - a scroll of enchant weapon {unknown}
 r - 2 scrolls of identify {unknown}
Potions
 d - 2 potions of might
 l - a potion of heal wounds {unknown}
 s - a potion of haste {unknown}


   Skills:
 + Level 4.1 Fighting
 * Level 4.3 Axes
 + Level 4.1 Armour
 + Level 4.1 Shields


You had 4 spell levels left.
You didn't know any spells.
Your spell library was empty.

Dungeon Overview and Level Annotations

Branches:
Dungeon (3/15)

Altars:


Innate Abilities, Weirdness & Mutations

Your spellcasting is much less encumbered by armour.
You can use scrolls of enchantment on lesser artefacts.


Message History

The bombardier beetle is severely wounded.
You closely miss the ball python. The liquid fire burns you!
The ball python completely misses you. The ball python constricts you.
The bombardier beetle sprays incendiary fluid at you.
The burning spray hits you.
You are even more covered in liquid fire!
You block the ball python's attack. The ball python constricts you.
You hit the bombardier beetle.
The bombardier beetle is almost dead.
You barely miss the ball python. The liquid fire burns you!
The ball python bites you but does no damage.
The ball python constricts you.
The bombardier beetle bites you but does no damage.
You hit the bombardier beetle but do no damage.
The bombardier beetle is almost dead.
You barely miss the ball python. The liquid fire burns you!
The ball python bites you but does no damage.
The ball python constricts you.
The ball python bites you but does no damage.
The ball python constricts you.
You hit the bombardier beetle.
You kill the bombardier beetle!
You hit the ball python.
You kill the ball python!
The liquid fire burns you!
* * * LOW HITPOINT WARNING * * *
You have reached level 5!
You hit the endoplasm but do no damage. The liquid fire burns you!
* * * LOW HITPOINT WARNING * * *
The endoplasm freezes you.
You are frozen.
* * * LOW HITPOINT WARNING * * *
It was a potion of brilliance.
You feel clever all of a sudden. The liquid fire burns you!
You die...

P~P~~~ #.~..~. ....
##....~.
..#.........####.....♣
..+.........+........
...................#
...............#J.#
#............##.@#
#..........#.#)†# #
#......##.#...# .##
#....#.##....#
.#.#.#..#.#.#....#
..#.##..##.#.....#
...##....##......#
...#......#......#
...#......#......#


You could see an endoplasm.

Vanquished Creatures
  A bombardier beetle (D:3)
  An orc wizard (D:3)
  2 adders (D:2)
  2 dart slugs
  A ribbon worm (D:2)
  7 orcs (D:3)
  5 bats
  6 endoplasms
  A giant cockroach (D:3)
  A goblin (D:2)
  4 hobgoblins
  3 jackals (D:2)
  2 kobolds
  3 quokkas
  8 ball pythons
  A frilled lizard (D:1)
  7 rats
55 creatures vanquished.

Notes
Turn   | Place    | Note
-------+----------+-------------------------------------------
     0 | D:1      | Toastz the Mountain Dwarf Fighter began the quest for the
                  | Orb.
     0 | D:1      | Reached XP level 1. HP: 19/19 MP: 1/1
   240 | D:1      | Reached XP level 2. HP: 19/26 MP: 2/2
   755 | D:2      | Reached XP level 3. HP: 33/33 MP: 3/3
  1269 | D:3      | Reached XP level 4. HP: 34/40 MP: 4/4
  1486 | D:3      | Reached XP level 5. HP: 10/46 MP: 5/5
  1486 | D:3      | HP: 2/46 [frozen (5)]
  1487 | D:3      | Incinerated by a bombardier beetle

Illustrated notes

Levels and vault maps discovered:
D:1:      dpeg_arrival_rhombi, layout_basic
D:2:      layout_rooms, minivault_25
D:3:      layout_loops_corners, shapermc_ecumenical_altar_gd,
          minmay_misc_feat_secret_circle, serial_bayou_pond_b,
          chequers_serial_rivers_micro_d, minmay_increasing_density,
          uniq_sigmund

Skill      XL: |  1  2  3  4 |
---------------+-------------+-----
Axes           | 3 4 |  4.3
Armour         | 4 |  4.1
Fighting       | 4 |  4.1
Shields        | 4 |  4.1

Action                     |  1- 3 |  4- 6 || total
---------------------------+-------+-------++-------
  Melee: War axe           |   128 |    29 ||   157
  Throw: Stone             |    13 |       ||    13
    Use: Scroll            |     1 |       ||     1
         Potion            |       |     1 ||     1
 Armour: Scale mail        |    53 |       ||    53
         Plate armour      |    68 |    25 ||    93
  Dodge: Dodged            |    69 |     9 ||    78
  Block: Buckler           |    45 |     6 ||    51

Table legend: (Time is in decaauts)
 A = Elapsed time spent in this place.
 B = Non-inter-level travel time spent in this place.
 C = Inter-level travel time spent in this place.
 D = Time resting spent in this place.
 E = Time spent auto-exploring this place.
 F = Levels seen in this place.
 G = Mean time per level.
                   A        B        C        D        E       F      G
               +--------+--------+--------+--------+--------+-----+--------+
         Total |   1546 |   1480 |     66 |      0 |   1022 |   3 |  515.3 |
       Dungeon |   1546 |   1480 |     66 |      0 |   1022 |   3 |  515.3 |
               +--------+--------+--------+--------+--------+-----+--------+

Top non-repeatable levels by time:
     D:1: 706 daAuts
     D:2: 589 daAuts
     D:3: 250 daAuts
